 Dungeon Crawl Stone Soup version 0.31-a0-4-gefa6de2278 (webtiles) character file.

Game seed: 7113795653250057124

2 Pimp the Ruffian (level 1, -2/16 HPs)
             Began as a Draconian Transmuter on May 4, 2023.
             Slain by a quokka (3 damage)
             ... on level 1 of the Dungeon.
             The game lasted 00:00:09 (184 turns).

Pimp the Ruffian (Draconian Transmuter)              Turns: 184, Time: 00:00:10

Health: -2/16      AC:  4    Str: 12    XL:     1   Next: 33%
Magic:  2/3        EV: 12    Int: 13    God:
Gold:   21         SH:  0    Dex: 11    Spells: 3/4 levels left

rFire   . .          .
                       - Unarmed
rCold   . . .        (no shield)
rNeg    . . .        (body armour unavailable)
rPois   .            (helmet currently unavailable)
rElec   .            (no cloak)
rCorr   .            (no gloves)
SInv    .            (boots currently unavailable)
Will    .....        (no amulet)
Stlth   +            (no ring)
HPRegen 0.22/turn    (no ring)
MPRegen 0.08/turn

%: no passive effects
@: appendages (expiring)
A: horns 2, talons 2, AC +4, unfitting armour, cold-blooded
a: End Transformation


You were on level 1 of the Dungeon.
You had temporarily grown beastly horns and talons.
You visited 1 branch of the dungeon, and saw 1 of its levels.

You collected 21 gold pieces.

Inventory:

Scrolls
 b - a scroll of identify {unknown}
Potions
 a - a potion of lignification
 c - a potion of curing {unknown}


   Skills:
 + Level 1.2 Fighting
 + Level 1.8 Dodging
 + Level 3.0 Unarmed Combat
 + Level 2.0 Spellcasting
 + Level 2.0 Transmutations


You had 3 spell levels left.
You knew the following spells:

 Your Spells              Type           Power      Damage    Failure   Level
a - Beastly Appendage     Tmut           12%        N/A       11%         1

Your spell library contained the following spells:

 Spells                   Type           Power      Damage    Failure   Level
 Wereblood                Tmut           6%         N/A       17%         2
 Spider Form              Tmut/Pois      4%         N/A       45%         3
 Ice Form                 Ice/Tmut       4%         N/A       86%         4


Dungeon Overview and Level Annotations

Branches:
Dungeon (1/15)

Altars:


Innate Abilities, Weirdness & Mutations

You have temporarily grown beastly horns and talons.
Your plain brown scales are hard. (AC +4)
You cannot fit into any form of body armour.
You are cold-blooded and may be slowed by cold attacks.


Message History

You grow a pair of large bovine horns.
Your feet morph into talons.
The kobold closely misses you. The quokka barely misses you.
The quokka misses you.
Unknown command.
You hit the kobold but do no damage. You headbutt the kobold.
You kill the kobold!
The quokka bites you. The quokka barely misses you.
You closely miss the quokka.
Your tail-slap misses the quokka.
The quokka closely misses you. The quokka misses you.
You closely miss the quokka. You claw the quokka, but do no damage.
You headbutt the quokka, but do no damage.
Your transformation is almost over.
The quokka barely misses you. The quokka closely misses you.
The quokka attacks as you move away! The quokka bites you.
The quokka bites you but does no damage.
You barely miss the quokka. Your headbutt misses the quokka.
Your punch misses the quokka. The quokka barely misses you.
The quokka bites you. The quokka closely misses you.
You closely miss the quokka. Your kick misses the quokka.
Your headbutt misses the quokka. The quokka bites you.
The quokka barely misses you. x2
You barely miss the quokka. Your kick misses the quokka.
The quokka completely misses you. The quokka bites you.
You miss the quokka. Your kick misses the quokka. The quokka barely misses you.
The quokka bites you.
* * * LOW HITPOINT WARNING * * *
You hit the quokka. You claw the quokka.
You kill the quokka!
The quokka completely misses you.
You hit the quokka.
The quokka is moderately wounded.
The quokka bites you.
* * * LOW HITPOINT WARNING * * *
You hit the quokka.
The quokka is heavily wounded.
The quokka bites you but does no damage.
You closely miss the quokka. You claw the quokka.
The quokka is severely wounded.
The quokka bites you.
You die...

##########
#.........
####.........
..#.....$...
#.#.........
#.#.........
+...........
#.#r.)#
#.#@..####
+.'........
#.#.....###
#.#...#.#
#.#...#.?.
#######.#...#.##.
..............#
#######.#######
#.....#.#


You could see a quokka.

Vanquished Creatures
  A kobold (D:1)
  A quokka (D:1)
2 creatures vanquished.

Notes
Turn   | Place    | Note
-------+----------+-------------------------------------------
     0 | D:1      | Pimp the Draconian Transmuter began the quest for the Orb.
     0 | D:1      | Reached XP level 1. HP: 16/16 MP: 3/3
   184 | D:1      | Slain by a quokka

Illustrated notes

Levels and vault maps discovered:
D:1:      matt_arrival_spirals, layout_basic, kennysheep_boxes

Action                     || total
---------------------------++-------
  Melee: Unarmed           ||    13
         Kick              ||     3
         Headbutt          ||     2
         Tailslap          ||     1
   Cast: Beastly Appendage ||     1
 Armour: Skin              ||     2
  Dodge: Dodged            ||    19

Table legend: (Time is in decaauts)
 A = Elapsed time spent in this place.
 B = Non-inter-level travel time spent in this place.
 C = Inter-level travel time spent in this place.
 D = Time resting spent in this place.
 E = Time spent auto-exploring this place.
 F = Levels seen in this place.
 G = Mean time per level.
                   A        B        C        D        E       F      G
               +--------+--------+--------+--------+--------+-----+--------+
         Total |    183 |    183 |      0 |      0 |    163 |   1 |  183.0 |
       Dungeon |    183 |    183 |      0 |      0 |    163 |   1 |  183.0 |
               +--------+--------+--------+--------+--------+-----+--------+

Top non-repeatable levels by time:
     D:1: 183 daAuts
